 Dungeon Crawl Stone Soup version 0.28-a0-1117-g0bdd5ba030 (webtiles) character file.

Game seed: 18444610741291676884

44 SensoryNuts the Skirmisher (level 3, -3/33 HPs)
             Began as a Draconian Fighter on Dec 11, 2021.
             Was a Follower of Jiyva.
             Slain by a gnoll (12 damage)
             ... on level 2 of the Dungeon.
             The game lasted 00:01:57 (1275 turns).

SensoryNuts the Skirmisher (Draconian Fighter)      Turns: 1275, Time: 00:01:58

Health: -3/33      AC:  5    Str: 20    XL:     3   Next: 41%
Magic:  3/3        EV: 12    Int: 14    God:    Jiyva [*.....]
Gold:   59         SH:  4    Dex: 10    Spells: 2/2 levels left

rFire   . . .      SeeInvis .   a - +0 long sword
rCold   . . .      Faith    .   b - +0 buckler
rNeg    . . .      Spirit   .   (armour unavailable)
rPois   .          Reflect  .   (helmet restricted)
rElec   .          Harm     .   (no cloak)
rCorr   .          Rampage  .   (no gloves)
Will    .....                   (no boots)
Stlth   +.........              (no amulet)
HPRegen 0.91/turn               f - +6 ring of intelligence
MPRegen 0.33/turn               (no ring)

@: mighty
A: AC +5, unfitting armour, cold-blooded
a: Renounce Religion


You were on level 2 of the Dungeon.
You worshipped Jiyva.
Jiyva was aware of your devotion.
You visited 1 branch of the dungeon, and saw 2 of its levels.

You collected 59 gold pieces.

Inventory:

Hand Weapons
 a - a +0 long sword (weapon)
Armour
 b - a +0 buckler (worn)
Jewellery
 f - a +6 ring of intelligence (left hand)
Scrolls
 d - a scroll of enchant armour {unknown}
 g - a scroll of teleportation {unknown}


   Skills:
 + Level 3.7 Fighting
 + Level 2.5 Long Blades
 + Level 3.1 Dodging
 + Level 0.1 Stealth
 + Level 3.4 Shields


You had 2 spell levels left.
You didn't know any spells.
Your spell library contained the following spells:

 Spells                   Type           Power      Damage    Failure   Level
 Ensorcelled Hibernation  Hex/Ice        0%         N/A       43%         2
 Spider Form              Tmut/Pois      0%         N/A       67%         3


Dungeon Overview and Level Annotations

Branches:
Dungeon (2/15)

Altars:
Jiyva

Shops:
D:1 *


Innate Abilities, Weirdness & Mutations

Your plain brown scales are hard. (AC +5)
You cannot fit into any form of body armour.
You are cold-blooded and may be slowed by cold attacks.


Message History

The gnoll is lightly wounded.
You block the giant cockroach's attack. The gnoll barely misses you.
The gnoll hits you with a +0 club. The gnoll barely misses you.
You block the giant cockroach's attack. The gnoll hits you but does no damage.
The gnoll hits you from afar with a +0 halberd.
The gnoll hits you with a +0 club. The giant cockroach closely misses you.
The gnoll hits you but does no damage. The giant cockroach barely misses you.
You block the giant cockroach's attack. The giant cockroach closely misses you.
The gnoll hits you from afar with a +0 halberd.
The gnoll closely misses you. The giant cockroach barely misses you.
The giant cockroach bites you but does no damage.
The gnoll hits you from afar with a +0 halberd!
* * * LOW HITPOINT WARNING * * *
The giant cockroach barely misses you.
The giant cockroach completely misses you.
The giant cockroach barely misses you.
You feel better.
The giant cockroach bites you but does no damage.
Okay, then.
You feel very mighty all of a sudden. You block the giant cockroach's attack.
You barely miss the giant cockroach.
Your tail-slap misses the giant cockroach.
The giant cockroach bites you. The giant cockroach misses you.
You barely miss the giant cockroach. You tail-slap the giant cockroach.
You kill the giant cockroach!
The giant cockroach closely misses you.
You slash the giant cockroach!
You kill the giant cockroach!
The gnoll barely misses you. The gnoll hits you with a +0 halberd!
Things that are here:
a giant cockroach corpse; a giant cockroach corpse You closely miss the gnoll.
The gnoll barely misses you. The gnoll hits you with a +0 halberd!
* * * LOW HITPOINT WARNING * * *
You barely miss the gnoll.
The gnoll hits you from afar with a +0 halberd!
You die...

###### ###.....### ##
#<...# #.##..J.## #
#....# ##.##.#.†.## #
#....# #..##.#....#####
#####....#
#.###.##.#......
.........##
##.###.##...#....
#.....###...........#.###
#..†.gg##.#.J.........#
#....#gg@............##
#....####>#...........
###### ..#...........
#.###..#####.. .. .## #.
... .# ..# ###


You could see 4 gnolls and a neutral endoplasm (wandering) (fellow slime).

Vanquished Creatures
  An adder (D:2)
  An adder skeleton (D:2)
  2 ball pythons (D:2)
  3 endoplasms (D:1)
  3 giant cockroaches (D:2)
  3 goblins (D:1)
  3 hobgoblins (D:2)
  2 quokkas
  2 bats (D:1)
  2 frilled lizards (D:2)
  4 kobolds (D:1)
  4 rats
30 creatures vanquished.

Vanquished Creatures (others)
  An adder (D:2)
  An endoplasm (D:2)
  A kobold (D:2)
3 creatures vanquished.

Grand Total: 33 creatures vanquished

Notes
Turn   | Place    | Note
-------+----------+-------------------------------------------
     0 | D:1      | SensoryNuts the Draconian Fighter began the quest for the
                  | Orb.
     0 | D:1      | Reached XP level 1. HP: 19/19 MP: 1/1
   108 | D:1      | Found a faded altar of an unknown god.
   357 | D:1      | Found Morevuje's Assorted Antiques.
   649 | D:1      | Reached XP level 2. HP: 26/26 MP: 2/2
  1039 | D:1      | Prayed at the altar of an unknown god.
  1039 | D:1      | Became a worshipper of Jiyva Jeulaidi the Shapeless
  1039 | D:1      | Reached * piety under Jiyva
  1107 | D:2      | HP: 1/26 [poisoned by an adder]
  1108 | D:2      | Reached XP level 3. HP: 1/31 MP: 3/3
  1275 | D:2      | Slain by a gnoll

Illustrated notes

Levels and vault maps discovered:
D:1:      ebering_trefoil_3fold, layout_loops_ring, serial_shops, shop,
          hellmonk_ecumenical_altar_inner_sanctum
D:2:      layout_rooms

Skill      XL: |  1  2 |
---------------+-------+-----
Dodging        | 3 |  3.1
Fighting       | |  3.7
Long Blades    | |  2.5
Stealth        | |  0.1
Shields        | |  3.4

Action                   || total
-------------------------++-------
Melee: Long sword        ||   104
       Tailslap          ||    11
  Use: Potion            ||     3
Armor: Skin              ||    39
Dodge: Dodged            ||    83
Block: Buckler           ||    32

Table legend: (Time is in decaauts)
 A = Elapsed time spent in this place.
 B = Non-inter-level travel time spent in this place.
 C = Inter-level travel time spent in this place.
 D = Time resting spent in this place.
 E = Time spent auto-exploring this place.
 F = Levels seen in this place.
 G = Mean time per level.
                   A        B        C        D        E       F      G
               +--------+--------+--------+--------+--------+-----+--------+
         Total |   1307 |   1307 |      0 |      0 |    929 |   2 |  653.5 |
       Dungeon |   1307 |   1307 |      0 |      0 |    929 |   2 |  653.5 |
               +--------+--------+--------+--------+--------+-----+--------+

Top non-repeatable levels by time:
     D:1: 1078 daAuts
     D:2: 229 daAuts
